 Dungeon Crawl Stone Soup version 0.24-a0-725-gf1a930fc54 (webtiles) character file.

Game seed: 18044966674939291874, levelgen mode: deterministic

1614 Kohma the Cleaver (level 8, 0/102 HPs)
             Began as a Hill Orc Abyssal Knight on Oct 1, 2019.
             Was a Believer of Lugonu.
             Succumbed to a killer bee's poison
             ... on level 9 of the Dungeon.
             The game lasted 00:21:13 (6272 turns).

Kohma the Cleaver (Hill Orc Abyssal Knight)         Turns: 6272, Time: 00:21:14

Health: 0/102      AC: 24    Str: 17    XL:     8   Next: 96%
Magic:  4/13       EV:  2    Int: 12    God:    Lugonu [**....]
Gold:   274        SH:  9    Dex: 10    Spells: 7/7 levels left

rFire    . . .     SeeInvis .   a - +0 war axe
rCold    . . .     Gourm    .   t - +0 shield
rNeg     + + +     Faith    .   (armour currently unavailable)
rPois    +         Spirit   .   (helmet currently unavailable)
rElec    .         Reflect  .   (cloak currently unavailable)
rCorr    .         Harm     .   (gloves currently unavailable)
MR       .....     NoTele   +   (boots currently unavailable)
Stlth    +.........             (no amulet)
HPRegen  0.27/turn              p - ring of wizardry
MPRegen  0.13/turn              (no ring)

@: lethally poisoned (0 -> -2), tree-form, very slightly contaminated, hasted,
invisible, very quick
A: no striking features
a: Depart the Abyss, Bend Space, Renounce Religion


You were on level 9 of the Dungeon.
You worshipped Lugonu.
Lugonu was pleased with you.
You were hungry.
You were a tree.
You visited 2 branches of the dungeon, and saw 8 of its levels.
You visited the Abyss 1 time.

You collected 369 gold pieces.
You spent 95 gold pieces at shops.

Inventory:

Hand Weapons
 a - a +0 war axe (weapon)
 b - a +5 hunting sling
 w - a +0 hand crossbow
Missiles
 d - 32 bolts
 i - 50 poisoned darts (quivered)
 j - 37 sling bullets
 m - 205 stones
Armour
 e - a +1 cloak (melded)
 f - a +0 chain mail
 t - a +0 shield (worn)
 u - a +1 pair of boots (melded)
 v - a +2 helmet (melded)
 x - a +0 scale mail (melded)
Jewellery
 n - an uncursed amulet of the acrobat {unknown}
 p - a ring of wizardry (left branch)
Scrolls
 g - a scroll of remove curse
 h - 2 scrolls of enchant weapon
 k - 2 scrolls of identify
 o - 2 scrolls of blinking
 y - 2 scrolls of magic mapping {unknown}
Potions
 s - a potion of brilliance
 z - 2 potions of magic
Comestibles
 c - 7 rations


   Skills:
 - Level 5.1 Fighting
 * Level 10.2 Axes
 - Level 2.1 Armour
 - Level 0.7 Dodging
 + Level 5.2 Shields
 + Level 7.3 Invocations


You had 7 spell levels left.
You didn't know any spells.
Your spell library contained the following spells:

 Spells                   Type           Power        Failure   Level  Hunger
 Confusing Touch          Hex            #.....       41%         1    ##.....
 Corona                   Hex            #......      41%         1    ##.....
 Slow                     Hex            #.......     54%         2    ###....
 Confuse                  Hex            #.......     77%         3    ####...
 Gell's Gravitas          Tloc           #.........   77%         3    ####...
 Inner Flame              Hex/Fire       #.......     77%         3    ####...
 Portal Projectile        Hex/Tloc       #.....       77%         3    ####...
 Cause Fear               Hex            #.........   98%         4    #####..
 Leda's Liquefaction      Hex/Erth       #.........   98%         4    #####..
 Petrify                  Tmut/Erth      #.......     98%         4    #####..
 Metabolic Englaciation   Hex/Ice        #.........   100%        5    ######.
 Yara's Violent Unravell  Hex/Tmut       #.........   100%        5    ######.


Dungeon Overview and Level Annotations

Branches:
Dungeon (6/15)             Temple (1/1) D:5

Altars:
Ashenzari
Cheibriados
Fedhas
Gozag
Hepliaklqana
Kikubaaqudgha
Makhleb
Nemelex Xobeh
Ru
Sif Muna
Trog
Vehumet
Wu Jian
Xom
Yredelemnul
Zin

Shops:
D:5 *   D:9 =


Message History

The killer bee is devoured by a tear in reality.
Lugonu claims a new guest.
You are feeling hungry.
You can no longer banish your foes.
You start resting.
* * * LOW HITPOINT WARNING * * *
You feel sick.
You start resting.
An orc priest comes into view. It is wielding a +0 club.
Space bends around you!
You blink.
* * * LOW HITPOINT WARNING * * *
You feel sick.
The orc priest shouts!
Okay, then.
It was a potion of invisibility.
You fade into invisibility!
You are very lightly contaminated with residual magic.
You hit the orc priest but do no damage.
You barely miss the orc priest.
You die...

####.###
.....# #.# #.#
.....# #####.#
#.# ....#
#.....# #.#
....####8#.###
#.#######
#.>...##.#..#
#.......#
#.....8.∩.8.#
#.#####.#
#.##.##..####
#.#
#.###.##.##.8#
#.#
#§...)♣o.....#
#.#
#§###.##.##..#
#.#####.#
#.##.....#
#.......#
#.......##
#†#####.#
#.#####.#
#...!...#
#.......#
####.####
#.####### #.#
##.## #..
#.).#


You could see an orc priest.

Vanquished Creatures
  A wyvern (D:9)
  An orc warrior (D:6)
  2 sky beasts
  2 wolves (D:9)
  A centaur (D:6)
  A bullfrog (D:9)
  A killer bee (D:9)
  A crimson imp (D:5)
  2 hounds
  3 jellies
  2 orc priests
  An iguana (D:6)
  6 worker ants
  2 hound skeletons (D:5)
  A worker ant zombie (D:6)
  An adder (D:2)
  An adder skeleton (D:5)
  An adder zombie (D:5)
  A worm (D:2)
  A dart slug (D:2)
  4 leopard geckos
  9 orcs
  2 ball pythons
  4 giant cockroaches
  7 goblins
  7 hobgoblins
  4 quokkas
  9 bats
  5 frilled lizards
  A jackal zombie (D:6)
  5 kobolds
  A leopard gecko skeleton (D:5)
  A leopard gecko zombie (D:5)
  A quokka skeleton (D:9)
  10 rats
102 creatures vanquished.

Vanquished Creatures (others)
  The ghost of feelmyfire the Slicer, a novice HaGl (D:5)
  2 killer bees (D:9)
3 creatures vanquished.

Grand Total: 105 creatures vanquished

Notes
Turn   | Place    | Note
-------+----------+-------------------------------------------
     0 | Abyss:1  | Kohma the Hill Orc Abyssal Knight began the quest for the
                  | Orb.
     0 | Abyss:1  | Reached XP level 1. HP: 19/19 MP: 2/2
     9 | Abyss:1  | Found a corrupted altar of Lugonu.
    35 | D:1      | Escaped the Abyss
    97 | D:1      | Reached skill level 3 in Axes
   310 | D:1      | Reached XP level 2. HP: 27/27 MP: 4/4
   678 | D:2      | Reached XP level 3. HP: 32/33 MP: 5/5
   733 | D:2      | Reached skill level 4 in Axes
   795 | D:2      | Reached ** piety under Lugonu
  1154 | D:2      | Reached XP level 4. HP: 40/40 MP: 6/6
  1582 | D:3      | You fall into a shaft and drop 3 floors!
  1584 | D:6      | Noticed a sky beast
  1622 | D:6      | Killed a sky beast
  1622 | D:6      | Reached skill level 5 in Axes
  1622 | D:6      | Reached skill level 1 in Shields
  1622 | D:6      | Reached XP level 5. HP: 22/47 MP: 6/8
  1711 | D:6      | Reached XP level 6. HP: 12/55 MP: 9/9
  2095 | D:6      | Reached skill level 5 in Fighting
  2095 | D:6      | Reached skill level 6 in Axes
  2214 | D:5      | Entered Level 5 of the Dungeon
  2239 | D:5      | Found a staircase to the Ecumenical Temple.
  2247 | Temple   | Entered the Ecumenical Temple
  3289 | D:5      | Reached XP level 7. HP: 61/61 MP: 10/10
  3295 | D:5      | Found Vireugre's Assorted Antiques.
  3300 | D:5      | Bought a garnet ring for 95 gold pieces
  3357 | D:5      | Reached skill level 5 in Invocations
  3361 | D:5      | Found a snail-covered altar of Cheibriados.
  3375 | D:5      | Reached skill level 7 in Axes
  3896 | D:5      | Found a glowing silver altar of Zin.
  3898 | D:5      | Found a blossoming altar of Fedhas.
  4223 | D:5      | Reached *** piety under Lugonu
  4259 | D:5      | Found a large runed translucent door.
  4260 | D:5      | Found a large runed translucent door.
  4261 | D:5      | Noticed feelmyfire's ghost (novice HaGl)
  4329 | D:5      | HP: 3/61 [feelmyfire's ghost (6)]
  4330 | D:5      | Banished feelmyfire's ghost
  4330 | D:5      | Reached skill level 8 in Axes
  4330 | D:5      | Reached XP level 8. HP: 3/68 MP: 12/12
  5544 | D:6      | Found an ancient bone altar of Kikubaaqudgha.
  5596 | D:6      | Reached skill level 9 in Axes
  5924 | D:6      | You fall into a shaft and drop 3 floors!
  5929 | D:9      | Found Jonyem's Jewellery Emporium.
  6133 | D:9      | Noticed a wyvern
  6139 | D:9      | Killed a wyvern
  6139 | D:9      | Reached skill level 10 in Axes
  6139 | D:9      | Reached skill level 5 in Shields
  6261 | D:9      | HP: 3/68 [poisoned by a killer bee]
  6263 | D:9      | HP: 1/68 [poisoned by a killer bee]
  6269 | D:9      | HP: 1/102 [poisoned by a killer bee]
  6272 | D:9      | Succumbed to a killer bee's poison

Levels and vault maps discovered:
D:1:      ebering_trefoil_twist, layout_basic
D:2:      layout_basic
D:3:      layout_loops_cross, first_ration
D:4:      layout_rooms
D:5:      layout_layer_cave, chequers_temple_overflow_statue_of_worship,
          overflow_temple_1_default, minmay_temple_entry_sparse_star,
          ebering_ghost_disaster_area, serial_shops, kennysheep_little_box
D:6:      minmay_diamond_boxcup, layout_rooms, nicolae_overflow_hidden_temple,
          item_on_display_b, uniq_duvessa, uniq_crazy_yiuf_cottage, uniq_sigmund
D:9:      layout_loops_cross, hiddenorc2_lemuel, serial_shops, shop,
          nicolae_shop_statue_plus, lemuel_oklob_altar, uniq_grum
Temple:   minmay_temple_forest_path

Skill      XL: |  1  2  3  4  5  6  7  8 |
---------------+-------------------------+-----
Axes           | 3 4 5 6 8 10 | 10.2
Fighting       | 4 5 |  5.1
Invocations    | 3 4 6 7 |  7.3
Shields        | 1 2 3 5 |  5.2
Armour         | |  2.1
Dodging        | |  0.7

Action                   |  1- 3 |  4- 6 |  7- 9 || total
-------------------------+-------+-------+-------++-------
Melee: Hand axe          |   111 |   131 |       ||   242
       War axe           |       |    15 |   145 ||   160
 Fire: Hunting sling     |       |       |    17 ||    17
Throw: Dart              |       |     9 |     7 ||    16
Invok: Bend Space        |       |       |     3 ||     3
       Banish            |       |       |     3 ||     3
  Use: Scroll            |       |     8 |     3 ||    11
       Potion            |       |       |     5 ||     5
  Eat: Chunk             |     1 |     7 |     6 ||    14
       Ration            |       |       |     1 ||     1
Armor: Ring mail         |    36 |    63 |       ||    99
       Scale mail        |       |     5 |    90 ||    95
       Skin              |       |       |     1 ||     1
Dodge: Dodged            |    62 |    63 |    43 ||   168
Block: Shield            |       |    54 |    80 ||   134

Table legend:
 A = Non-vault XP
 B = Vault XP
 C = Vault XP percentage of total XP
 D = Non-vault monster count
 E = Vault monster count
 F = Vault count percentage of total count
                 A         B        C        D         E       F
            +---------+---------+-------+---------+---------+-------
      Total |    1730 |     577 |  25.0 |     100 |       5 |   4.8
            +---------+---------+-------+---------+---------+-------
        D:1 |      29 |       0 |   0.0 |      18 |       0 |   0.0
        D:2 |      69 |       0 |   0.0 |      30 |       0 |   0.0
        D:3 |      11 |       0 |   0.0 |       6 |       0 |   0.0
        D:4 |      60 |       0 |   0.0 |       9 |       0 |   0.0
        D:5 |     421 |     337 |  44.5 |      15 |       1 |   6.2
        D:6 |     633 |       0 |   0.0 |      14 |       0 |   0.0
        D:9 |     507 |     240 |  32.1 |       8 |       4 |  33.3
            +---------+---------+-------+---------+---------+-------
